[Event "Titled Tuesday Blitz November 22 Early 2022"]
[White "Aaditya Dhingra"]
[Black "Bobomurodova, Maftuna"]
[WhiteFideId "25678191"]
[BlackFideId "14207400"]
[WhiteElo "2054"]
[BlackElo "1891"]
[Result "1/2-1/2"]
[Round "01"]
[TimeControl "180+1"]
[Date "2022.11.23"]
[WhiteClock "0:00:05"]
[BlackClock "0:00:11"]

1. e4 e5 2. f4 exf4 3. Nf3 d5 4. exd5 Nf6 5. Bb5+ c6 6. dxc6 bxc6 7. Bc4 Bd6 8. O-O O-O 9. Kh1 Bg4 10. d4 Nbd7 11. c3 Nb6 12. Be2 Nbd5 13. Ne5 Bd7 14. Bxf4 Nxf4 15. Rxf4 Nd5 16. Rf3 Bxe5 17. dxe5 Qb6 18. Na3 Qxb2 19. Nc4 Qb8 20. Rg3 Qd8 21. Qd4 Be6 22. Nd6 Ne7 23. Rf1 Ng6 24. Bf3 Qa5 25. Bxc6 Rad8 26. Re3 Qa6 27. Bb5 Qxa2 28. h4 Qd5 29. h5 Qxd4 30. cxd4 Ne7 31. Ra3 Ra8 32. Rfa1 Nc8 33. Bc6 Rb8 34. d5 Bg4 35. Nb5 Bxh5 36. d6 Nb6 37. Rxa7 Bg4 38. Nc7 Nc4 39. Na6 Rbd8 40. Re1 Nxe5 41. Rxe5 Rxd6 42. Bd5 Rh6+ 43. Kg1 Rc8 44. Bxf7+ Kf8 45. Bd5 Rc1+ 46. Kf2 Rf6+ 47. Kg3 Bc8 48. Ra8 Rc3+ 49. Bf3 Rg6+ 50. Kf2 Rxa6 51. Rxa6 Bxa6 52. Ra5 Rc2+ 53. Kg3 Bc8 54. Ra8 Rc3 55. Kf4 h5 56. Bxh5 Rc4+ 57. Ke3 Ke7 58. Be2 Rc3+ 59. Kf2 Rc7 60. Ra5 Kf6 61. Ra3 Bb7 62. Re3 Rc2 63. Kg3 Rd2 1/2-1/2


[Site "https://www.chess.com"]

[Event "Titled Tuesday Blitz November 22 Early 2022"]
[White "Abdyzhapar, Asylbek"]
[Black "Dudzinski, Pawel"]
[WhiteFideId "13800337"]
[BlackFideId "1117890"]
[WhiteElo "2323"]
[BlackElo "2086"]
[Result "1-0"]
[Round "01"]
[TimeControl "180+1"]
[Date "2022.11.23"]
[WhiteClock "0:01:52"]
[BlackClock "0:00:17"]

1. e4 c6 2. d4 d5 3. exd5 cxd5 4. c3 Nc6 5. Bd3 Nf6 6. Bf4 g6 7. Nf3 Bf5 8. Bxf5 gxf5 9. O-O e6 10. Re1 Be7 11. Nbd2 O-O 12. Ne5 Nxe5 13. Bxe5 Bd6 14. Nf1 Bxe5 15. Rxe5 Ng4 16. Re1 Qg5 17. Qd2 Qxd2 18. Nxd2 Rfc8 19. a4 b6 20. a5 b5 21. a6 b4 22. Rec1 bxc3 23. Rxc3 Rab8 24. Rxc8+ Rxc8 25. h3 Nf6 26. Nb3 Rc2 27. Na5 Ne4 28. b4 Nxf2 29. b5 Ne4 30. Nc6 Rb2 31. Nxa7 Nd6 32. Rc1 Kg7 33. Rc5 Ra2 34. Nc8 Nxb5 35. Rxb5 Rxa6 36. Rb4 Ra1+ 37. Kh2 Rc1 38. Nd6 Rc4 39. Nxc4 1-0


[Site "https://www.chess.com"]

[Event "Titled Tuesday Blitz November 22 Early 2022"]
[White "Adithya A Chullikkad"]
[Black "Ronka, Erik"]
[WhiteFideId "45078734"]
[BlackFideId "505080"]
[WhiteElo "2106"]
[BlackElo "2264"]
[Result "1/2-1/2"]
[Round "01"]
[TimeControl "180+1"]
[Date "2022.11.23"]
[WhiteClock "0:00:18"]
[BlackClock "0:00:04"]

1. e4 c6 2. d4 d5 3. Nc3 dxe4 4. Nxe4 Bf5 5. Ng3 Bg6 6. h4 h6 7. h5 Bh7 8. Nf3 Nd7 9. Bd3 Bxd3 10. Qxd3 e6 11. Bd2 Qc7 12. O-O-O O-O-O 13. c4 Ngf6 14. Ne4 c5 15. Kb1 cxd4 16. g3 e5 17. Rde1 Nxe4 18. Qxe4 f6 19. Nh4 Nc5 20. Qg4+ Qd7 21. Qd1 Bd6 22. b4 Nd3 23. c5 Nxe1 24. cxd6 Nd3 25. Qc2+ Kb8 26. Qxd3 Qxd6 27. Rc1 Rc8 28. Rxc8+ Rxc8 29. Nf5 Qc7 30. f4 Ka8 31. fxe5 fxe5 32. Qe4 Re8 33. Nxd4 Qc4 34. Qg6 Rd8 35. Nb3 e4 36. Nc5 e3 37. Qxg7 Qd5 38. Bxe3 b6 39. Nb7 Qxb7 40. Qxb7+ Kxb7 41. Bxh6 Rd5 42. g4 Rd4 43. g5 Rxb4+ 44. Kc2 Rh4 45. g6 Rxh5 46. g7 Rh2+ 47. Kb3 Rg2 48. a4 Kc6 49. Kb4 a6 50. Kb3 Rg4 51. Ka3 Kc5 52. Be3+ Kc6 53. Bh6 Kd5 54. Kb3 Kc6 55. Ka3 1/2-1/2


[Site "https://www.chess.com"]

[Event "Titled Tuesday Blitz November 22 Early 2022"]
[White "Aizpurua, Patrick Emilio"]
[Black "Prithu Gupta"]
[WhiteFideId "6600522"]
[BlackFideId "46618546"]
[WhiteElo "2378"]
[BlackElo "2344"]
[Result "1-0"]
[Round "01"]
[TimeControl "180+1"]
[Date "2022.11.23"]
[WhiteClock "0:00:21"]
[BlackClock "0:00:03"]

1. d4 d5 2. c4 e6 3. Nf3 Nf6 4. g3 Bb4+ 5. Bd2 Be7 6. Bg2 O-O 7. O-O c6 8. Qc2 b6 9. b3 Nbd7 10. Rd1 Ne4 11. Ne1 Nxd2 12. Nxd2 Bb7 13. e4 Bf6 14. e5 Be7 15. a4 f6 16. exf6 Nxf6 17. Nef3 c5 18. Re1 dxc4 19. Nxc4 cxd4 20. Rad1 Bc5 21. Rxe6 Ng4 22. Qe2 d3 23. Rxd3 Qc7 24. Nd4 Bxg2 25. Qxg4 Bd5 26. Re2 Bxc4 27. bxc4 Bxd4 28. Rxd4 Rae8 29. Rxe8 Rxe8 30. Rd7 Re1+ 31. Kg2 Qc6+ 32. f3 Qf6 33. Rd2 Re8 34. a5 bxa5 35. c5 h6 36. Qc4+ Kh8 37. c6 Rc8 38. c7 Qe7 39. Qc6 Rxc7 40. Qa8+ Kh7 41. Qb8 a4 42. Qb1+ g6 43. h4 a3 44. h5 Rb7 45. Qxg6+ Kh8 46. Qxh6+ Kg8 47. Qg6+ Kh8 48. Qh6+ Kg8 49. Rd4 Rb2+ 50. Kh3 Qg7 51. Rd8+ Kf7 52. Rd7+ Ke8 53. Qxg7 1-0


[Site "https://www.chess.com"]

[Event "Titled Tuesday Blitz November 22 Early 2022"]
[White "Al-Tarboush, Ward"]
[Black "Wieczorek, Zbigniew"]
[WhiteFideId "7601450"]
[BlackFideId "1102001"]
[WhiteElo "2273"]
[BlackElo "2177"]
[Result "1-0"]
[Round "01"]
[TimeControl "180+1"]
[Date "2022.11.23"]
[WhiteClock "0:00:29"]
[BlackClock "0:00:18"]

1. e4 g6 2. d4 Bg7 3. Be3 c6 4. Nd2 d5 5. e5 f6 6. Ngf3 Bg4 7. h3 Bxf3 8. Nxf3 Nd7 9. Bf4 fxe5 10. dxe5 e6 11. Bd3 Ne7 12. Ng5 Nf8 13. Qg4 Qd7 14. O-O Nf5 15. c4 O-O-O 16. a4 d4 17. a5 Qc7 18. a6 b6 19. b4 h6 20. Nxe6 Nxe6 21. Qxg6 Nxf4 22. Qxf5+ Kb8 23. Qxf4 Bxe5 24. Qe4 Rde8 25. Kh1 Rhf8 26. b5 Rf4 27. Qg6 Ref8 28. bxc6 R4f6 29. Qg4 Bd6 30. Qd7 Rxf2 31. Rxf2 Rxf2 32. Re1 Rf8 33. Bf5 Rd8 34. Re8 Qxd7 35. cxd7 Kc7 36. Kg1 d3 37. Kf2 d2 38. Ke2 Bf4 39. h4 Bg3 40. Kxd2 Bxh4 41. Ke3 Bg5+ 42. Ke4 Kd6 43. Bg4 Kc5 44. Ke5 Kxc4 45. Kd6 b5 46. Kc7 b4 47. Rxd8 Bxd8+ 48. Kxd8 b3 49. Be6+ 1-0


[Site "https://www.chess.com"]

[Event "Titled Tuesday Blitz November 22 Early 2022"]
[White "Aldokhin, Ivan"]
[Black "Kuchava, Ana"]
[WhiteFideId "24115720"]
[BlackFideId "13605348"]
[WhiteElo "2313"]
[BlackElo "2001"]
[Result "1-0"]
[Round "01"]
[TimeControl "180+1"]
[Date "2022.11.23"]
[WhiteClock "0:00:05"]
[BlackClock "0:00:34"]

1. e4 c5 2. Nf3 d6 3. d4 cxd4 4. Nxd4 Nf6 5. Nc3 Nc6 6. Bc4 e6 7. Bb3 a6 8. Be3 Qc7 9. Qe2 Na5 10. O-O-O b5 11. f3 Be7 12. g4 Nxb3+ 13. axb3 b4 14. Na4 Nd7 15. h4 Nc5 16. Qc4 Bd7 17. g5 Qa5 18. h5 Nxa4 19. bxa4 Qxa4 20. Kb1 Rc8 21. Qb3 Qxb3 22. Nxb3 Ba4 23. Bf4 e5 24. Be3 Bb5 25. Rd2 O-O 26. Na5 Bd8 27. Nb7 Ba5 28. Nxa5 Rfd8 29. Nb7 Rd7 30. Nxd6 Rcd8 31. Rhd1 f6 32. g6 hxg6 33. hxg6 Kf8 34. Bc5 Rc7 35. Nxb5+ Rxc5 36. Rxd8+ Ke7 37. R1d7+ Ke6 38. Nc7+ Rxc7 39. Rxc7 f5 40. Rxg7 Kf6 41. Rgg8 fxe4 42. fxe4 Kg5 43. g7 Kf4 44. Rgf8+ Kxe4 45. g8=Q Ke3 46. Qg3+ Ke4 47. Qf3# 1-0


[Site "https://www.chess.com"]

[Event "Titled Tuesday Blitz November 22 Early 2022"]
[White "Andreikin, Dmitry"]
[Black "Bellissimo, Joseph F."]
[WhiteFideId "4158814"]
[BlackFideId "2609843"]
[WhiteElo "2736"]
[BlackElo "2103"]
[Result "1-0"]
[Round "01"]
[TimeControl "180+1"]
[Date "2022.11.22"]
[WhiteClock "0:01:41"]
[BlackClock "0:00:24"]

1. d4 Nf6 2. Nf3 e6 3. e3 d5 4. Bd3 b6 5. O-O Bb7 6. b3 Nbd7 7. Bb2 Ne4 8. c4 Bd6 9. Nc3 O-O 10. Qc2 f5 11. cxd5 exd5 12. Nb5 Qf6 13. Rac1 Rfc8 14. Qe2 h6 15. Rc2 Nf8 16. Rfc1 Ne6 17. Ne5 a6 18. Nxd6 cxd6 19. Rxc8+ Rxc8 20. Rxc8+ Bxc8 21. Nc6 a5 22. f3 N4g5 23. Qc2 Bd7 24. Nb8 Be8 25. Bxf5 Nxf3+ 26. gxf3 Qg5+ 27. Kf1 Qxe3 28. Qe2 Qxe2+ 29. Kxe2 Nf4+ 30. Ke3 Ng2+ 31. Kf2 Nf4 32. Ba3 1-0


[Site "https://www.chess.com"]

[Event "Titled Tuesday Blitz November 22 Early 2022"]
[White "Aradhya, Garg"]
[Black "Chernov, Mikhail"]
[WhiteFideId "25006746"]
[BlackFideId "24143170"]
[WhiteElo "2223"]
[BlackElo "2113"]
[Result "1-0"]
[Round "01"]
[TimeControl "180+1"]
[Date "2022.11.23"]
[WhiteClock "0:00:10"]
[BlackClock "0:00:01"]

1. d4 d5 2. c4 c6 3. Nc3 Nf6 4. cxd5 cxd5 5. Bf4 Nc6 6. e3 a6 7. Be2 e6 8. Nf3 Be7 9. h3 O-O 10. O-O b5 11. Rc1 Bb7 12. a4 b4 13. Nb1 Rc8 14. Nbd2 a5 15. Bd3 Qb6 16. Qe2 Na7 17. Nb3 Rxc1 18. Rxc1 Rc8 19. Rxc8+ Bxc8 20. Qc2 Bd7 21. Bc7 Qc6 22. Bb8 Qxc2 23. Bxc2 Nc6 24. Bc7 Ne4 25. Nxa5 Nxa5 26. Bxa5 Kf8 27. Ne5 Ke8 28. Kf1 Nd2+ 29. Ke2 Nc4 30. Nxc4 dxc4 31. b3 c3 32. Bb6 Bc6 33. a5 Kd7 34. a6 Kc8 35. Bd3 f5 36. f3 g5 37. Bc4 Kd7 38. a7 Ba8 39. Bb5+ Kc8 40. Ba6+ Kd7 41. Kd3 Kc6 42. Ba5 h5 43. e4 g4 44. hxg4 hxg4 45. fxg4 fxg4 46. Bc4 Kb7 47. Bxe6 Kxa7 48. Bd5 Bxd5 49. exd5 Ka6 50. Bc7 Kb7 51. Bf4 Kc8 52. d6 Bf8 53. Kc4 Kd7 54. Kxb4 c2 55. Kc3 Bxd6 56. Bc1 Kc6 57. Kxc2 Kd5 58. Kd3 Bg3 59. Bd2 Bf2 60. Bc3 g3 61. b4 Bg1 62. b5 Bf2 63. Bb2 Bg1 64. Ba1 Bf2 65. Bc3 Bg1 66. Be1 Bxd4 67. Bxg3 Kc5 68. b6 1-0


[Site "https://www.chess.com"]

[Event "Titled Tuesday Blitz November 22 Early 2022"]
[White "Atakishiyev, Elmar"]
[Black "Rosenberg, Evan S"]
[WhiteFideId "13410547"]
[BlackFideId "2019299"]
[WhiteElo "2194"]
[BlackElo "2352"]
[Result "1-0"]
[Round "01"]
[TimeControl "180+1"]
[Date "2022.11.23"]
[WhiteClock "0:00:20"]
[BlackClock "0:00:02"]

1. d4 d5 2. c4 e6 3. Nf3 c5 4. cxd5 exd5 5. Nc3 Nc6 6. e3 c4 7. Be2 Nf6 8. O-O Bd6 9. b3 cxb3 10. Qxb3 O-O 11. Ba3 Na5 12. Qb2 Nc4 13. Bxc4 dxc4 14. Ne5 Bxa3 15. Qxa3 Be6 16. Rab1 b6 17. Nc6 Qc7 18. d5 Bd7 19. Ne7+ Kh8 20. d6 Qb7 21. Qb4 Ne4 22. Rfd1 Rad8 23. Qxc4 Nxc3 24. Qxc3 Be6 25. Rd4 Rd7 26. Rbd1 Rfd8 27. h3 Bxa2 28. Rg4 f6 29. Qc2 Be6 30. Rh4 f5 31. Nxf5 g6 32. Qc3+ 1-0


[Site "https://www.chess.com"]

[Event "Titled Tuesday Blitz November 22 Early 2022"]
[White "Avazkhonov, Alikhon"]
[Black "Pranav Anand"]
[WhiteFideId "14208504"]
[BlackFideId "46626786"]
[WhiteElo "1739"]
[BlackElo "2402"]
[Result "0-1"]
[Round "01"]
[TimeControl "180+1"]
[Date "2022.11.23"]
[WhiteClock "0:00:04"]
[BlackClock "0:01:29"]

1. d4 Nf6 2. c4 e6 3. Nc3 d5 4. cxd5 exd5 5. Bg5 c6 6. e3 Be7 7. Bd3 Nbd7 8. Qc2 h6 9. Bh4 Nh5 10. Bxe7 Qxe7 11. Nf3 Nf4 12. O-O-O Nxd3+ 13. Qxd3 Nb6 14. Ne5 Be6 15. Kb1 h5 16. Ka1 O-O-O 17. Rb1 g6 18. Rbc1 Bf5 19. Qd1 Kb8 20. Na4 f6 21. Nxb6 axb6 22. Nd3 Be4 23. f3 Bf5 24. Re1 h4 25. Qb3 Qc7 26. h3 Rhe8 27. Nb4 b5 28. Rxc6 Qa5 29. Ra6 Qc7 30. Qa3 Qc4 31. Ra8+ Kc7 32. Qa5+ Kd7 33. Rxd8+ Rxd8 34. e4 Rc8 35. a3 dxe4 36. fxe4 Be6 37. d5 Bf7 38. e5 fxe5 39. Rxe5 Qc1+ 40. Ka2 Qc4+ 41. Ka1 Qf1+ 42. Ka2 Qf4 43. Re2 Qc4+ 44. Ka1 Qxe2 45. Qb6 Qd1+ 46. Ka2 Bxd5+ 47. Nxd5 Qxd5+ 48. Kb1 Qd3+ 49. Ka2 Qc4+ 50. Kb1 Qd5 51. Qg1 Qd3+ 52. Ka1 Qd2 53. Qb6 Rc1+ 54. Ka2 Qd5+ 0-1


[Site "https://www.chess.com"]

[Event "Titled Tuesday Blitz November 22 Early 2022"]
[White "Averjanov, Alexey"]
[Black "De Souza, Cristiano Gomes"]
[WhiteFideId "14109867"]
[BlackFideId "2151758"]
[WhiteElo "2603"]
[BlackElo "2068"]
[Result "1-0"]
[Round "01"]
[TimeControl "180+1"]
[Date "2022.11.23"]
[WhiteClock "0:02:01"]
[BlackClock "0:01:29"]

1. d4 Nf6 2. c4 g6 3. Nc3 d6 4. e4 Bg7 5. Be2 O-O 6. Nf3 e5 7. O-O Nc6 8. d5 Ne7 9. Ne1 Ne8 10. Be3 f5 11. f3 f4 12. Bf2 h5 13. c5 Rf7 14. a4 Bf8 15. a5 g5 16. cxd6 Nxd6 17. Nd3 Ng6 18. Nc5 Rg7 19. a6 b6 20. Ne6 Bxe6 21. dxe6 Kh7 22. Qb3 Ne7 23. h3 Qe8 24. Nd5 Nxd5 25. exd5 Be7 26. Qc2+ Kh6 27. Qxc7 e4 28. Bd4 Rh7 29. fxe4 Nxe4 30. Bd3 Bc5 31. Qe5 Bxd4+ 32. Qxd4 1-0


[Site "https://www.chess.com"]

[Event "Titled Tuesday Blitz November 22 Early 2022"]
[White "Aydin, Gulenay"]
[Black "Kollars, Dmitrij"]
[WhiteFideId "34557431"]
[BlackFideId "12909572"]
[WhiteElo "2009"]
[BlackElo "2584"]
[Result "0-1"]
[Round "01"]
[TimeControl "180+1"]
[Date "2022.11.22"]
[WhiteClock "0:00:02"]
[BlackClock "0:00:50"]

1. e4 c5 2. Nf3 Nc6 3. Bb5 e6 4. c3 Nge7 5. O-O a6 6. Ba4 b5 7. Bc2 d5 8. exd5 Nxd5 9. d4 Bb7 10. Re1 Be7 11. dxc5 Bxc5 12. Nbd2 Nf6 13. Qe2 Ne7 14. Ne4 Nxe4 15. Bxe4 Bxe4 16. Qxe4 Qd5 17. Qg4 Ng6 18. Be3 Bxe3 19. Rxe3 O-O 20. h4 h5 21. Qg3 Rad8 22. Rae1 Qf5 23. Ne5 Nxe5 24. Rxe5 Qg4 25. Qxg4 hxg4 26. R1e2 Rd3 27. Kh2 Rfd8 28. a4 bxa4 29. Ra5 R8d6 30. Rxa4 f5 31. Rb4 Kf7 32. Rb7+ Kf6 33. Rb8 Rd2 34. Rxd2 Rxd2 35. Kg3 Rd3+ 36. Kh2 f4 37. Rf8+ Ke5 38. Rg8 Rd7 39. Ra8 Rd2 40. Rxa6 Rxf2 41. Ra5+ Ke4 42. Rg5 g3+ 43. Kh3 Rf1 44. Rxg7 Rh1+ 45. Kg4 Rh2 46. Re7 e5 47. h5 Rxg2 48. h6 Rh2 49. Ra7 g2 50. Ra1 Rh1 51. Rg1 Rxg1 52. h7 Rh1 0-1


[Site "https://www.chess.com"]

[Event "Titled Tuesday Blitz November 22 Early 2022"]
[White "Babazada, Khazar"]
[Black "Chan, Kim Yew"]
[WhiteFideId "13413554"]
[BlackFideId "5717981"]
[WhiteElo "2359"]
[BlackElo "2206"]
[Result "1-0"]
[Round "01"]
[TimeControl "180+1"]
[Date "2022.11.23"]
[WhiteClock "0:00:28"]
[BlackClock "0:00:16"]

1. c4 c5 2. Nc3 g6 3. g3 Bg7 4. Bg2 Nc6 5. e3 e6 6. Nge2 Nge7 7. O-O O-O 8. b3 b6 9. Bb2 Bb7 10. d3 d5 11. Qd2 Qd7 12. Rad1 Rfd8 13. Qc1 Rac8 14. Qa1 d4 15. Na4 e5 16. e4 Rf8 17. Bc1 f5 18. f3 f4 19. gxf4 exf4 20. Bxf4 Ne5 21. Bg3 N7c6 22. a3 Bh6 23. f4 Ng4 24. Bh3 Rce8 25. Qb2 Bc8 26. b4 Nxb4 27. axb4 Qxa4 28. Ra1 Qc6 29. Rxa7 Ne3 30. Bxc8 Rxc8 31. Rfa1 Nxc4 32. dxc4 Qxe4 33. bxc5 bxc5 34. Qb7 Qxb7 35. Rxb7 Rfe8 36. Nc1 Re3 37. Rb3 Rce8 38. Rxe3 Rxe3 39. Rb1 d3 40. Nb3 Re2 41. Rd1 Re4 42. Nxc5 Rxc4 43. Nxd3 Rd4 44. Kf2 Kf7 45. Ke3 Ra4 46. Ne5+ Kf8 47. Rd7 Bg7 48. Be1 Ra3+ 49. Ke4 Ra4+ 50. Kd5 Ra5+ 51. Bxa5 1-0


[Site "https://www.chess.com"]

[Event "Titled Tuesday Blitz November 22 Early 2022"]
[White "Bacrot, Etienne"]
[Black "Andreev, Konstantin"]
[WhiteFideId "605506"]
[BlackFideId "24239305"]
[WhiteElo "2666"]
[BlackElo "2106"]
[Result "1-0"]
[Round "01"]
[TimeControl "180+1"]
[Date "2022.11.23"]
[WhiteClock "0:00:02"]
[BlackClock "0:00:03"]

1. e4 c5 2. Nf3 Nc6 3. Bb5 e6 4. O-O Nge7 5. Re1 b6 6. c3 a6 7. Bf1 d5 8. exd5 Nxd5 9. d4 cxd4 10. Nxd4 Bb7 11. Nf5 Qd7 12. Bg5 h6 13. Bh4 g5 14. Bg3 O-O-O 15. Nd4 Nxd4 16. cxd4 Bd6 17. Nc3 Bxg3 18. hxg3 Kb8 19. Qb3 Qd6 20. Rac1 h5 21. Ne4 Qe7 22. Bc4 Ka7 23. Nc3 Nxc3 24. Rxc3 h4 25. g4 Rxd4 26. Rec1 h3 27. Rxh3 Rxh3 28. Qxh3 Qc5 29. Qc3 Rxg4 30. Bf1 Qxc3 31. Rxc3 f5 32. Rc7 Kb8 33. Rg7 f4 34. Rg6 f3 35. g3 Re4 36. Kh2 Bd5 37. Bxa6 Re2 38. Rxg5 Rxf2+ 39. Kh3 Rxb2 40. g4 Rxa2 41. Bb5 Kc7 42. Kg3 Kd6 43. Rg7 Rg2+ 44. Kh3 f2 45. Rf7 e5 46. Rf6+ Kc5 47. Bf1 Rg1 48. Rxf2 b5 49. Rc2+ Bc4 50. Be2 Kd4 51. Rd2+ Ke3 52. Bxc4 Kxd2 53. Bxb5 e4 54. Kh4 e3 55. g5 Rb1 56. Ba6 Rb6 57. Bf1 Ke1 58. Bd3 Rd6 59. Bb5 1-0


[Site "https://www.chess.com"]

[Event "Titled Tuesday Blitz November 22 Early 2022"]
[White "Balabayeva, Xeniya"]
[Black "Zhigalko, Sergei"]
[WhiteFideId "13719688"]
[BlackFideId "13502956"]
[WhiteElo "2041"]
[BlackElo "2662"]
[Result "0-1"]
[Round "01"]
[TimeControl "180+1"]
[Date "2022.11.23"]
[WhiteClock "0:00:00"]
[BlackClock "0:00:04"]

1. e4 c5 2. Nf3 Nc6 3. Bb5 Nf6 4. d3 Qa5+ 5. Nc3 Nd4 6. Bc4 b5 7. Bd5 Rb8 8. Bd2 e6 9. Nxd4 cxd4 10. Ne2 Qb6 11. Bb3 a5 12. a4 b4 13. O-O Bb7 14. f4 Ng4 15. Qe1 h5 16. h3 Ne3 17. Bxe3 dxe3 18. Qg3 h4 19. Qf3 f5 20. Rae1 Bc5 21. Kh1 Rc8 22. Bc4 Kd8 23. Nc1 Bd4 24. Nb3 fxe4 25. Qe2 Bxb2 26. Qxe3 Qxe3 27. Rxe3 d5 28. Bb5 Rxc2 29. dxe4 d4 30. Ree1 Bc3 31. Rd1 Bxe4 32. Rg1 Ke7 33. Nxd4 Bxd4 34. Rxd4 Bd5 35. f5 Rc3 36. Kh2 Re3 37. fxe6 Bxe6 38. Rgd1 Rc8 39. Bd7 Rc2 40. Bxe6 Rxe6 41. Rxh4 Rg6 42. Re4+ Kf7 43. Rf1+ Kg8 44. Rg1 Ra2 45. h4 Rxa4 46. Rf1 Ra2 47. Rg1 Rc2 48. h5 Rh6 0-1


[Site "https://www.chess.com"]

[Event "Titled Tuesday Blitz November 22 Early 2022"]
[White "Bazeev, German"]
[Black "Urquhart, Ed"]
[WhiteFideId "24119350"]
[BlackFideId "2603748"]
[WhiteElo "2493"]
[BlackElo "2184"]
[Result "1/2-1/2"]
[Round "01"]
[TimeControl "180+1"]
[Date "2022.11.23"]
[WhiteClock "0:00:23"]
[BlackClock "0:00:13"]

1. d3 d5 2. Nf3 Nf6 3. g3 Bg4 4. Bg2 e6 5. O-O Be7 6. c4 O-O 7. Nc3 Nc6 8. cxd5 exd5 9. d4 Re8 10. Bg5 Ne4 11. Bxe7 Rxe7 12. e3 Nxc3 13. bxc3 Na5 14. Qc2 Bxf3 15. Bxf3 Nc4 16. Rfe1 c6 17. a4 Re6 18. Be2 Nd6 19. c4 dxc4 20. Bxc4 Nxc4 21. Qxc4 Qg5 22. Rec1 h5 23. Qe2 h4 24. Rc5 Qg6 25. Qh5 Qxh5 26. Rxh5 hxg3 27. hxg3 Rd8 28. Ra5 a6 29. Rb1 Rd7 30. Rc5 Kf8 31. a5 Ke7 32. Kg2 Kd8 33. Rc3 Rh6 34. g4 g5 35. Rc5 f6 36. Rc3 Kc8 37. Rb2 Rd5 38. Rc5 Rd7 39. Rf5 Rdh7 40. Kf3 Re7 41. Rc2 Kd7 42. d5 cxd5 43. Rxd5+ Ke8 44. Rc8+ Kf7 45. Rdd8 Rh3+ 46. Kg2 Rh4 47. Rd4 Rh6 48. Rb4 Rh7 49. Rb8 Kg6 50. Kf3 Rhf7 51. Rb6 Rd7 52. Rb4 Rde7 53. Rd8 Rc7 54. Rd5 Rc2 55. Kg3 Rcc7 56. f4 gxf4+ 57. exf4 Rc3+ 58. Kf2 Rfc7 59. Re4 Rc2+ 60. Re2 Rxe2+ 61. Kxe2 Rc4 62. Ke3 Ra4 63. Kf3 Ra3+ 64. Kg2 Ra2+ 65. Kg3 Ra3+ 66. Kh4 Ra4 67. f5+ Kf7 68. Rd7+ Ke8 69. Rxb7 Rxa5 70. Kh5 Ra4 71. Rb1 a5 72. Rb6 Ke7 73. Rb7+ Kd6 74. Ra7 Ke5 75. Re7+ Kf4 76. Re6 Ra1 77. Kg6 Kxg4 78. Kxf6 a4 79. Ra6 a3 80. Kg6 a2 81. f6 Kh4 82. Kf7 Kg5 83. Kf8 Rf1 84. Rxa2 Rxf6+ 1/2-1/2


[Site "https://www.chess.com"]

[Event "Titled Tuesday Blitz November 22 Early 2022"]
[White "Begmuratov, Khumoyun"]
[Black "Bashirli, Saadat"]
[WhiteFideId "14210207"]
[BlackFideId "13429990"]
[WhiteElo "2267"]
[BlackElo "1408"]
[Result "1-0"]
[Round "01"]
[TimeControl "180+1"]
[Date "2022.11.23"]
[WhiteClock "0:00:56"]
[BlackClock "0:00:15"]

1. e4 c5 2. Nc3 g6 3. g3 Bg7 4. Bg2 e6 5. Nge2 Ne7 6. d3 O-O 7. Be3 d6 8. O-O Nbc6 9. Qd2 a6 10. Bh6 b5 11. Bxg7 Kxg7 12. a3 Rb8 13. d4 Na5 14. dxc5 dxc5 15. Qf4 Bb7 16. Rad1 Qc8 17. e5 Ng8 18. Bxb7 Qxb7 19. Ne4 Qc6 20. Rd6 Qc8 21. Rfd1 Nc4 22. Rd7 Nxb2 23. Ng5 Qe8 24. R1d6 Nc4 25. Nxe6+ Kh8 26. Nxf8 Nxd6 27. exd6 Qxf8 28. Rxf7 Qe8 29. d7 Qxe2 30. Qxb8 Qd1+ 31. Kg2 Qd5+ 32. f3 Qd2+ 33. Kh3 Qh6+ 34. Kg4 Qh5+ 35. Kf4 g5+ 36. Ke3 Qxf7 37. Qe5+ Nf6 38. d8=Q+ Kg7 39. Qxg5+ Qg6 40. Qdxf6+ Kg8 41. Qd5+ Qf7 42. Qdxf7# 1-0


[Site "https://www.chess.com"]

[Event "Titled Tuesday Blitz November 22 Early 2022"]
[White "Begunov, Konstantin"]
[Black "Hambleton, Aman"]
[WhiteFideId "4118510"]
[BlackFideId "2606577"]
[WhiteElo "2140"]
[BlackElo "2538"]
[Result "0-1"]
[Round "01"]
[TimeControl "180+1"]
[Date "2022.11.23"]
[WhiteClock "0:00:02"]
[BlackClock "0:00:02"]

1. d4 Nf6 2. c4 e6 3. Nf3 b6 4. g3 Ba6 5. Qa4 Bb7 6. Bg2 c5 7. dxc5 Bxc5 8. Nc3 O-O 9. O-O Be7 10. Rd1 d6 11. Bf4 a6 12. Qc2 Qc7 13. b3 Rd8 14. Rac1 Nbd7 15. Ng5 Bxg2 16. Kxg2 Qc6+ 17. f3 b5 18. Nce4 e5 19. Be3 bxc4 20. Nxf6+ Nxf6 21. Qxc4 Qxc4 22. Rxc4 h6 23. Ne4 d5 24. Nxf6+ Bxf6 25. Rc7 d4 26. Bd2 a5 27. Re1 a4 28. b4 a3 29. b5 Rdb8 30. Rb1 Bd8 31. Rc5 f6 32. Rb3 Rb7 33. Bc1 Be7 34. Rc6 Kf7 35. b6 Ke8 36. Kf2 Kd7 37. Rc4 Ra6 38. e3 dxe3+ 39. Bxe3 Bd6 40. g4 Ke6 41. Ke2 Bf8 42. Rc8 Be7 43. Kd3 g6 44. h3 h5 45. gxh5 gxh5 46. Rh8 Ra5 47. Ke2 Rd5 48. Rxh5 Bc5 49. Rh8 Bxe3 50. Kxe3 Rd6 51. Re8+ Kf5 52. Ra8 Rdxb6 53. Raxa3 Rxb3+ 54. Rxb3 Rh7 55. a4 Rxh3 56. a5 Rh7 57. a6 Ra7 58. Rb6 Ra8 59. Rc6 Ra7 60. Rb6 Ra8 61. Rc6 Rb8 62. Rd6 Rb3+ 63. Ke2 Ra3 64. Rb6 Ra2+ 65. Ke3 Ra3+ 66. Ke2 Kg5 67. Rc6 Ra5 68. Rb6 f5 69. Re6 Kf4 70. Kf2 Ra2+ 71. Ke1 Ra1+ 72. Ke2 Ra3 73. Ke1 Ra2 0-1


[Site "https://www.chess.com"]

[Event "Titled Tuesday Blitz November 22 Early 2022"]
[White "Berezin, Viktor"]
[Black "Cruz Mendez, Jean Marco"]
[WhiteFideId "14107872"]
[BlackFideId "3526402"]
[WhiteElo "2310"]
[BlackElo "2064"]
[Result "1-0"]
[Round "01"]
[TimeControl "180+1"]
[Date "2022.11.23"]
[WhiteClock "0:00:15"]
[BlackClock "0:00:06"]

1. d4 Nf6 2. Nf3 d5 3. c4 e6 4. g3 Be7 5. Bg2 O-O 6. O-O c6 7. Qc2 b6 8. Nc3 Bb7 9. e4 Na6 10. e5 Nd7 11. cxd5 Nb4 12. Qd1 Nxd5 13. Nd2 Qc7 14. Nde4 c5 15. dxc5 Nxc5 16. Nxd5 Bxd5 17. Nxc5 Bxg2 18. Kxg2 Bxc5 19. Bf4 Rfd8 20. Qf3 Rd5 21. Rac1 a5 22. a3 a4 23. Rc4 b5 24. Rc3 Qe7 25. Rfc1 Rad8 26. b4 axb3 27. Rxb3 Bd4 28. Rcb1 Qd7 29. Qe4 h6 30. Rc1 Qa7 31. Rf3 Bb6 32. h4 Rd4 33. Qb1 R4d5 34. Qe4 Qb8 35. Rc6 Qb7 36. Rfc3 Ba5 37. Rc2 Rd4 38. Qf3 R4d7 39. Qg4 Kh7 40. Qf3 Bb6 41. Qe4+ Kh8 42. h5 Bd4 43. Kh2 Qa8 44. Qf3 Qb8 45. Qe2 Ba7 46. Qe4 Rd4 47. Qf3 Rd3 48. Qg4 Rxa3 49. Rc7 Rf8 50. Qh4 Rf3 51. Qg4 Rxf2+ 52. Rxf2 Bxf2 53. Rc2 Bb6 54. Bxh6 gxh6 55. Qf4 Bd8 56. Qxh6+ Kg8 57. Qf4 f5 58. Rc6 Rf7 59. Rxe6 Be7 60. Rg6+ Kf8 61. Qh6+ Ke8 62. Rg8+ Rf8 63. Qg6+ Kd7 64. e6+ Kd6 65. h6 Rxg8 66. Qxf5 Rg5 67. Qf4+ Kxe6 68. Qxb8 Rh5+ 69. Kg2 Rxh6 70. Qxb5 Bd6 71. Qc4+ Kd7 72. Qb5+ Kc7 73. Qc4+ Kd7 74. Qa4+ Ke7 75. Qe4+ Kd7 76. Qf5+ Kc7 77. Qc2+ Kd7 78. Qa4+ Ke7 79. Qa7+ Kf6 80. Qd4+ Ke6 81. Qe3+ 1-0


[Site "https://www.chess.com"]

[Event "Titled Tuesday Blitz November 22 Early 2022"]
[White "Bilan, Danila"]
[Black "Cesar Maestre, Bernardo"]
[WhiteFideId "24161918"]
[BlackFideId "24542547"]
[WhiteElo "2173"]
[BlackElo "2242"]
[Result "1-0"]
[Round "01"]
[TimeControl "180+1"]
[Date "2022.11.23"]
[WhiteClock "0:00:46"]
[BlackClock "0:01:42"]

1. d4 Nf6 2. Nf3 b6 3. g3 Bb7 4. Bg2 g6 5. O-O Bg7 6. c4 O-O 7. Nc3 Ne4 8. Qc2 Nxc3 9. Qxc3 c5 10. Rd1 Nc6 11. e3 cxd4 12. Nxd4 Nxd4 13. exd4 Bxg2 14. Kxg2 d5 15. b3 Rc8 16. Be3 dxc4 17. bxc4 Qc7 18. Rac1 Rfd8 19. Qb3 h5 20. d5 h4 21. Bf4 Qb7 22. gxh4 e6 23. Qf3 exd5 24. cxd5 Rxc1 25. Bxc1 Qe7 26. Bg5 f6 27. Bf4 Rd7 28. Bg3 Kh7 29. h5 g5 30. Qf5+ Kh8 31. d6 Qf7 32. Rc1 Bf8 33. Rc7 1-0


[Site "https://www.chess.com"]